 Dungeon Crawl Stone Soup version 0.18-a0-1702-gd20c6a5 (webtiles) character file.

98 beholder the Chiller (level 4, 30/30 HPs)
             Began as a Merfolk Ice Elementalist on Apr 6, 2016.
             Got out of the dungeon alive.
             The game lasted 00:14:12 (1740 turns).

beholder the Chiller (Merfolk Ice Elementalist)     Turns: 1740, Time: 00:14:12

Health: 30/30      AC:  5    Str:  8    XL:     4   Next: 71%
Magic:  8/8        EV: 13    Int: 15    God:
Gold:   62         SH:  0    Dex: 14    Spells: 2 memorised, 5 levels left

rFire  . . .     SeeInvis .     l - -1 short sword (curse)
rCold  . . .     Gourm    .     a - +0 robe
rNeg   . . .     Faith    .     (no shield)
rPois  .         Spirit   .     (no helmet)
rElec  .         Dismiss  .     e - +1 cloak
rCorr  .         Reflect  .     g - +0 pair of gloves
SustAt .         Harm     .     (no boots)
MR     .....                    (no amulet)
Stlth  ++........               (no ring)
                                (no ring)

@: not resistant to hostile enchantments, unstealthy
A: change form in water, swift swim
a: no special abilities


You escaped.
You were not hungry.

You visited 1 branch of the dungeon, and saw 2 of its levels.

You collected 62 gold pieces.

Inventory:

Hand Weapons
 f - a -2 dagger
 l - a cursed -1 short sword (weapon)
 n - a +3 mace of protection
 t - a +2 dagger of venom
Armour
 a - a +0 robe (worn)
 e - a +1 cloak (worn)
 g - a +0 pair of gloves (worn)
Scrolls
 o - a scroll of amnesia {unknown}
 q - a scroll of recharging
Potions
 d - a potion of magic {unknown}
 h - a potion of resistance {unknown}
 k - 2 potions of curing {unknown}
 p - a potion of mutation {unknown}
 s - a potion of degeneration {unknown}
Books
 b - a book of Frost

   Spells                             Type                      Level
   a - Freeze                         Ice                          1
   b - Throw Frost                    Conjuration/Ice              2
   c - Ozocubu's Armour               Charms/Ice                   3
   d - Throw Icicle                   Conjuration/Ice              4
   e - Summon Ice Beast               Ice/Summoning                4
Comestibles
 c - a bread ration
 i - 3 meat rations
 m - a slice of pizza


   Skills:
 - Level 2.6 Dodging
 - Level 2.1 Stealth
 - Level 3.0 Spellcasting
   Level 0.7 Conjurations
 + Level 5.1 Ice Magic


You had 5 spell levels left.
You knew the following spells:

 Your Spells              Type           Power        Failure   Level  Hunger
a - Freeze                Ice            ###.         2%          1    #......
c - Ozocubu's Armour      Chrm/Ice       #.......     24%         3    ###....


Dungeon Overview and Level Annotations

Branches:
Dungeon (2/15)

Altars:
Dithmenos
Nemelex Xobeh
Pakellas


Message History

Aim: a giant gecko (clinging)
You freeze the giant gecko.
The giant gecko seems to slow down.
The giant gecko is almost dead.
The giant gecko hisses menacingly.
The giant gecko misses you.
Casting: Freeze
Confirm with . or Enter, or press ? or * to list all spells.
Aiming: Freeze
Press: ? - help, Shift-Dir - straight line, f/p - giant gecko
Aim: a giant gecko (almost dead, slow, clinging)
You freeze the giant gecko.
You kill the giant gecko!
(D) Dungeon
Where to? (Enter - D:1 @ (x,y), ? - help)
Okay, then.
Unknown command.
Magic restored.
There is a staircase leading out of the dungeon here.
Are you sure you want to leave the Dungeon?
This will make you lose the game!
You have escaped!

#############.##########..##.....
..................# #..##.#...
#############.###.# #..##.#.#. #
##### ####..# #..##.#.#. #
##...## #....# ###..##.#.#. #
#.###†###.#######.........## #
#.# #...#.#.....###......... #
#.###...#....##.#........... #
##...##.#..@..#..##...###.#. #
##.###.##....#.###...# #.#. #
#.###.....#.#.# #...# #.#. #
#...#######.#.# ##### #.#. #####
###.# #....#.# #.#) ....# #.#
##.####.#########.#. ###.# #.#
#..# #...........## #.# #.# #.##
#.#########..> #.# #.###.# #.#
####


There were no monsters in sight!

Vanquished Creatures
  Ijyb (D:2)
  An adder (D:2)
  3 dart slugs (D:2)
  2 giant geckos
  5 giant cockroaches
  5 goblins
  9 hobgoblins
  2 jackals (D:2)
  5 kobolds
  9 bats
  5 giant newts
  7 rats
54 creatures vanquished.

Notes
Turn   | Place    | Note
--------------------------------------------------------------
     0 | D:1      | beholder the Merfolk Ice Elementalist began the quest for the Orb.
     0 | D:1      | Reached XP level 1. HP: 13/13 MP: 3/3
   145 | D:1      | Reached XP level 2. HP: 19/19 MP: 3/5
   766 | D:1      | Reached XP level 3. HP: 24/24 MP: 5/7
   847 | D:1      | Learned a level 3 spell: Ozocubu's Armour
   930 | D:2      | Reached skill level 4 in Ice Magic
  1005 | D:2      | Noticed Ijyb
  1025 | D:2      | Killed Ijyb
  1025 | D:2      | Reached XP level 4. HP: 30/30 MP: 1/8
  1372 | D:2      | Found a shadowy altar of Dithmenos.
  1472 | D:2      | Found a sparkling altar of Nemelex Xobeh.
  1498 | D:2      | Found an oddly glowing altar of Pakellas.
  1522 | D:2      | Reached skill level 5 in Ice Magic
  1740 | D:$      | Got out of the dungeon alive.

Vault maps used:
D:1:      saegor_arrival_simple_f
D:2:      nemelex_xobeh_ov_fountains_minmay, lemuel_doored_altar,
          lemuel_round_altar, uniq_iyjb

Skill      XL: |  1  2  3  4 |
---------------+-------------+-----
Ice Magic      | 4 5 |  5.1
Spellcasting   | 3 |  3.0
Dodging        | |  2.6
Stealth        | |  2.1
Conjurations   | |  0.7

Action                   |  1- 3 |  4- 6 || total
-------------------------+-------+-------++-------
Melee: Dagger            |    30 |    21 ||    51
       Unarmed           |     1 |       ||     1
 Cast: Freeze            |    42 |    41 ||    83
  Use: Scroll            |       |     2 ||     2
 Stab: Sleeping          |     4 |     2 ||     6
  Eat: Chunk             |     1 |     2 ||     3
